 Dungeon Crawl Stone Soup version 0.26-a0-466-g989023bd0d (webtiles) character file.

Game seed: 8876169753240864890

217 HoaS the Ruffian (level 5, -62/30 HPs)
             Began as a Gargoyle Gladiator on Aug 1, 2020.
             Was an Initiate of Makhleb.
             Killed from afar by a lich (82 damage)
             ... with a bolt of fire
             ... on level 1 of the Abyss.
             The game lasted 00:06:33 (2040 turns).

HoaS the Ruffian (Gargoyle Gladiator)               Turns: 2040, Time: 00:06:33

Health: -62/30     AC: 14    Str: 19    XL:     5   Next: 94%
Magic:  5/5        EV: 14    Int:  8    God:    Makhleb [......]
Gold:   197        SH:  0    Dex: 11    Spells: 4/4 levels left

rFire    x . .     SeeInvis .     - Unarmed
rCold    + + .     Faith    .   (no shield)
rNeg     + . .     Spirit   .   m - +0 ice dragon scales
rPois    ∞         Reflect  .   b - +0 helmet
rElec    +         Harm     .   (no cloak)
rCorr    .                      (no gloves)
MR       .....                  (no boots)
Stlth    ..........             (no amulet)
HPRegen  0.10/turn              a - +4 ring of evasion
MPRegen  0.09/turn              (no ring)

@: no status effects
A: negative energy resistance 1, electricity resistance, unbreathing,
petrification resistance, rot immunity, AC +4
a: Renounce Religion


You were on level 1 of the Abyss.
You worshipped Makhleb.
Makhleb was noncommittal.
You visited 2 branches of the dungeon, and saw 5 of its levels.
You visited the Abyss 1 time.

You collected 197 gold pieces.

Inventory:

Missiles
 c - a throwing net (quivered)
Armour
 b - a +0 helmet (worn)
 m - +0 ice dragon scales (worn)
Jewellery
 a - a +4 ring of evasion (left hand)
 e - an uncursed amulet of the acrobat {unknown}
Scrolls
 f - a scroll of remove curse
 l - 2 scrolls of teleportation
Potions
 d - 4 potions of curing
 g - a potion of mutation {unknown}
 h - a potion of might {unknown}
 i - a potion of brilliance {unknown}
 j - a potion of degeneration {unknown}
 k - a potion of stabbing {unknown}


   Skills:
 - Level 2.1 Fighting
 - Level 1.7 Throwing
 - Level 2.4 Dodging
 + Level 6.4 Unarmed Combat


You had 4 spell levels left.
You didn't know any spells.
Your spell library was empty.

Dungeon Overview and Level Annotations

Branches:
Dungeon (5/15)             Temple (1/1) D:5

Altars:
Ashenzari
Cheibriados
Dithmenos
Elyvilon
Kikubaaqudgha
Makhleb
Okawaru
Qazlal
Ru
Sif Muna
Uskayaw
Vehumet
Wu Jian
Xom
Yredelemnul
The Shining One


Innate Abilities, Weirdness & Mutations

You are resistant to torment.
Your stone body is resilient. (AC +4)
You are immune to poison.
You resist negative energy. (rN+)
You are resistant to electric shocks. (rElec)
You can survive without breathing.
You are immune to petrification.
You are immune to rotting.


Message History

The lich is lightly damaged.
You barely miss the lich.
The lich is lightly damaged.
A wretched star comes into view.
The lich closely misses you. The hellion closely misses you.
You completely miss the lich. Your punch misses the lich.
The lich is lightly damaged.
The hellion hits you.
The lich casts a spell.
The lich flickers and vanishes!
Deactivating autopickup; reactivate with Ctrl-A.
You closely miss something. The hellion misses you.
Something touches you but does no damage.
You barely miss something.
The hellion hits you but does no damage.
You hear some strange, mumbled words.
A bolt of fire appears from out of thin air!
The bolt of fire hits you!!!! The fire burns you terribly!
Ouch! That really hurt!
You die...

.. .... ....#
.... #........#
$.... #.........
.....##........ .
.............##..
...............
#..........##
#.......2...#
.).#.....@{..## .
#..........#
#.........(#
.......*.......
#.#.........#...
#.#.......... ..
............. .
..............


You could see a wretched star and a hellion (summoned).

Vanquished Creatures
  2 orc wizards (D:5)
  A worker ant (D:5)
  2 gnolls
  3 adders
  A white imp (D:5)
  An ufetubus (D:5)
  An ooze (D:5)
  2 worms (D:2)
  2 leopard geckos
  2 orcs (D:5)
  7 bats
  6 giant cockroaches
  9 goblins
  6 hobgoblins
  4 jackals
  A quokka (D:2)
  3 frilled lizards (D:2)
  7 kobolds
  5 rats
65 creatures vanquished.

Notes
Turn   | Place    | Note
-------+----------+-------------------------------------------
     0 | D:1      | HoaS the Gargoyle Gladiator began the quest for the Orb.
     0 | D:1      | Reached XP level 1. HP: 12/12 MP: 1/1
   183 | D:1      | Reached XP level 2. HP: 17/17 MP: 2/2
   334 | D:1      | Reached skill level 4 in Unarmed Combat
   334 | D:1      | Reached XP level 3. HP: 20/21 MP: 3/3
   953 | D:2      | Reached XP level 4. HP: 18/26 MP: 4/4
  1129 | D:2      | Found an iron altar of Okawaru.
  1174 | D:2      | Reached skill level 5 in Unarmed Combat
  1384 | D:2      | Found a shadowy altar of Dithmenos.
  1482 | D:2      | Found an ornate altar of the Wu Jian Council.
  1757 | D:3      | You fall into a shaft and drop 2 floors!
  1757 | D:5      | Entered Level 5 of the Dungeon
  1838 | D:5      | Reached XP level 5. HP: 30/30 MP: 5/5
  1861 | D:5      | Found a staircase to the Ecumenical Temple.
  1872 | Temple   | Entered the Ecumenical Temple
  1924 | Temple   | Became a worshipper of Makhleb the Destroyer
  1972 | D:5      | Reached skill level 6 in Unarmed Combat
  2011 | D:5      | Noticed an ogre
  2027 | D:5      | Cast into level 1 of the Abyss (gnoll)
  2029 | Abyss:1  | Noticed a lich
  2036 | Abyss:1  | Noticed a hellion
  2037 | Abyss:1  | Noticed a wretched star
  2040 | Abyss:1  | Killed from afar by a lich

Illustrated notes

Levels and vault maps discovered:
D:1:      heliophobic_arrival_henge, layout_rooms,
          hangedman_decor_clover_reticule
D:2:      layout_basic, lemuel_doored_altar, nicolae_overflow_hidden_temple,
          corner_web_ring, minmay_misc_feat_x, okawaru_ov_weapons_minmay
D:3:      layout_basic
D:5:      layout_basic, old_standard_altar, minmay_temple_entry_ruins,
          lightli_ossuary_entry_decrepit_ruins, grunt_decor_fettered
Temple:   cyrus_circular_temple
Abyss:1:  base: D:5, hangedman_relentless_pull

Skill      XL: |  1  2  3  4  5 |
---------------+----------------+-----
Unarmed Combat | 4 5 6 |  6.4
Fighting       | |  2.1
Throwing       | |  1.7
Dodging        | |  2.4

Action                   |  1- 3 |  4- 6 || total
-------------------------+-------+-------++-------
Melee: Unarmed           |   144 |   122 ||   266
       Punch             |     2 |     3 ||     5
Throw: Throwing net      |       |     2 ||     2
  Use: Scroll            |     6 |     3 ||     9
Armor: Leather armour    |    54 |    22 ||    76
       Ice dragon scales |       |    19 ||    19
Dodge: Dodged            |   108 |    78 ||   186

Table legend: (Time is in decaauts)
 A = Elapsed time spent in this place.
 B = Non-inter-level travel time spent in this place.
 C = Inter-level travel time spent in this place.
 D = Time resting spent in this place.
 E = Time spent auto-exploring this place.
 F = Levels seen in this place.
 G = Mean time per level.
                   A        B        C        D        E       F      G
               +--------+--------+--------+--------+--------+-----+--------+
         Total |   2015 |   1946 |     69 |    135 |   1166 |   6 |  335.8 |
       Dungeon |   1936 |   1867 |     69 |    135 |   1122 |   4 |  484.0 |
        Temple |     67 |     67 |      0 |      0 |     43 |   1 |   67.0 |
         Abyss |     11 |     11 |      0 |      0 |      1 |   1 |   11.0 |
               +--------+--------+--------+--------+--------+-----+--------+

Top non-repeatable levels by time:
     D:2: 934 daAuts
     D:1: 738 daAuts
     D:5: 197 daAuts
  Temple: 67 daAuts
     D:3: 66 daAuts
 Abyss:1: 11 daAuts
